 Dungeon Crawl Stone Soup version 0.28-a0-909-g796cbd3a86 (webtiles) character file.

Game seed: 13145319100179418659

95 MacCMillion the Skirmisher (level 4, -2/41 HPs)
             Began as a Hill Orc Fighter on Nov 25, 2021.
             Killed from afar by Natasha (9 damage)
             ... with a puff of flame
             ... on level 2 of the Dungeon.
             The game lasted 00:04:21 (1696 turns).

MacCMillion the Skirmisher (Hill Orc Fighter)       Turns: 1696, Time: 00:04:21

Health: -2/41      AC:  7    Str: 19    XL:     4   Next: 66%
Magic:  4/4        EV:  9    Int:  8    God:
Gold:   66         SH:  4    Dex: 10    Spells: 3/3 levels left

rFire   . . .      SeeInvis .   a - +0 war axe
rCold   . . .      Faith    .   c - +0 buckler
rNeg    . . .      Spirit   .   b - +0 scale mail
rPois   .          Reflect  .   (no helmet)
rElec   .          Harm     .   (no cloak)
rCorr   .          Rampage  .   (no gloves)
Will    .....                   (no boots)
Stlth   ..........              (no amulet)
HPRegen 0.13/turn               (no ring)
MPRegen 0.09/turn               (no ring)

@: no status effects
A: no striking features
a: no special abilities


You were on level 2 of the Dungeon.
You visited 1 branch of the dungeon, and saw 2 of its levels.

You collected 66 gold pieces.

Inventory:

Hand Weapons
 a - a +0 war axe (weapon)
Armour
 b - a +0 scale mail (worn)
 c - a +0 buckler (worn)
Scrolls
 e - 3 scrolls of identify {unknown}
 f - a scroll of fog {unknown}
 g - a scroll of silence {unknown}
 h - 2 scrolls of magic mapping {unknown}
 i - a scroll of vulnerability {unknown}
 j - a scroll of amnesia {unknown}
Potions
 d - a potion of might
 k - a potion of degeneration {unknown}


   Skills:
 + Level 4.5 Fighting
 + Level 3.9 Axes
 + Level 4.0 Armour
 - Level 4.0 Shields


You had 3 spell levels left.
You didn't know any spells.
Your spell library was empty.

Dungeon Overview and Level Annotations

Branches:
Dungeon (2/15)

Altars:

Shops:
D:1 (

Annotations:
D:2 Natasha


Message History

The ball python closely misses you. The ball python grabs you.
The ball python constricts you.
You closely miss the ball python. The ball python bites you.
The ball python constricts you. The ball python bites you.
The ball python constricts you.
You barely miss the ball python. The ball python completely misses you.
The ball python constricts you.
You hit the ball python.
The ball python is severely wounded.
The ball python bites you. The ball python constricts you.
The ball python bites you but does no damage.
The ball python constricts you.
You slash the ball python!
You kill the ball python!
You start resting.
Natasha, Servant of Life and Death comes into view.
She is carrying a wand of flame (10).
Things that are here:
a +0 dagger; a +0 quarterstaff; a ball python corpse
Found a leather armour.
You now have 66 gold pieces (gained 16).
h - 2 scrolls labelled VOAF GEBLU (gained 1)
You start resting.
Natasha is nearby!
Natasha hisses angrily.
Natasha claws you.
You barely miss Natasha.
Natasha zaps a wand.
The puff of flame hits you.
You closely miss Natasha.
Natasha zaps a wand.
The puff of flame hits you.
You slash Natasha!
Natasha is heavily wounded.
Natasha zaps a wand.
The puff of flame hits you!
* * * LOW HITPOINT WARNING * * *
Natasha mumbles some strange words.
You closely miss Natasha.
Natasha is heavily wounded.
Natasha claws you.
* * * LOW HITPOINT WARNING * * *
You barely miss Natasha.
Natasha is heavily wounded.
Natasha zaps a wand.
The puff of flame hits you!
You die...

#.#..........########
#...................
########.##..#.##.#
#.##...#..# ##
#.###.#)# #..# ..#
#.#.##.#..# ###
#..#.[#.. #
#.#.##h#..#
#....@....#
####.####.# .... #
######


You could see Natasha.

Vanquished Creatures
  Terence (D:2)
  Natasha (D:2)
  A worm (D:2)
  3 ball pythons (D:2)
  5 bats (D:1)
  3 endoplasms (D:1)
  2 giant cockroaches
  9 goblins
  5 hobgoblins
  3 frilled lizards
  3 kobolds
  5 rats
41 creatures vanquished.

Notes
Turn   | Place    | Note
-------+----------+-------------------------------------------
     0 | D:1      | MacCMillion the Hill Orc Fighter began the quest for the
                  | Orb.
     0 | D:1      | Reached XP level 1. HP: 19/19 MP: 1/1
   115 | D:1      | Found Jairphal's Antique Weapon Emporium.
   382 | D:1      | Reached XP level 2. HP: 27/27 MP: 2/2
   907 | D:2      | Reached XP level 3. HP: 32/33 MP: 3/3
  1321 | D:2      | Noticed Natasha
  1335 | D:2      | Killed Natasha
  1336 | D:2      | Reached XP level 4. HP: 27/40 MP: 4/4
  1438 | D:2      | Noticed Terence
  1460 | D:2      | Killed Terence
  1673 | D:2      | Noticed Natasha
  1696 | D:2      | Killed from afar by Natasha

Illustrated notes

Levels and vault maps discovered:
D:1:      tarquinn_simple_flora_water_d, layout_rooms, serial_shops,
          nicolae_square_shop, minmay_misc_feat_tower
D:2:      kennysheep_the_goblin_king, layout_rooms, st_stairs_13,
          minmay_misc_feat_hallway, minmay_small_reverse_x, uniq_natasha,
          uniq_terence

Skill      XL: |  1  2  3  4 |
---------------+-------------+-----
Axes           | 3 |  3.9
Fighting       | 4 |  4.5
Shields        | 4 |  4.0
Armour         | 4 |  4.0

Action                   |  1- 3 |  4- 6 || total
-------------------------+-------+-------++-------
Melee: War axe           |   114 |    51 ||   165
Armor: Scale mail        |    65 |    19 ||    84
Dodge: Dodged            |    60 |    19 ||    79
Block: Buckler           |    34 |    10 ||    44

Table legend: (Time is in decaauts)
 A = Elapsed time spent in this place.
 B = Non-inter-level travel time spent in this place.
 C = Inter-level travel time spent in this place.
 D = Time resting spent in this place.
 E = Time spent auto-exploring this place.
 F = Levels seen in this place.
 G = Mean time per level.
                   A        B        C        D        E       F      G
               +--------+--------+--------+--------+--------+-----+--------+
         Total |   1770 |   1766 |      4 |    662 |    709 |   2 |  885.0 |
       Dungeon |   1770 |   1766 |      4 |    662 |    709 |   2 |  885.0 |
               +--------+--------+--------+--------+--------+-----+--------+

Top non-repeatable levels by time:
     D:1: 1155 daAuts
     D:2: 615 daAuts
